 Dungeon Crawl Stone Soup version 0.30.0-5-g1a98f26d00 (webtiles) character file.

Game seed: 4482291237741172815

8712 sasquatch the Destroyer (level 10, -8/69 HPs)
             Began as a Demigod Earth Elementalist on May 9, 2023.
             Mangled by Snorg (15 damage)
             ... on level 10 of the Dungeon.
             The game lasted 00:26:51 (10668 turns).

sasquatch the Destroyer (DgEE)                     Turns: 10668, Time: 00:26:51

Health: -8/69      AC:  8    Str:  9    XL:     10   Next: 90%
Magic:  13/24      EV: 17    Int: 29    God:
Gold:   539        SH:  0    Dex: 19    Spells: 9/22 levels left

rFire   + . .        d - +0 dagger of War {flame, rElec rF+ Dex+5}
rCold   + . .        (no shield)
rNeg    . . .        M - +2 robe {Archmagi}
rPois   .            (no helmet)
rElec   +            (no cloak)
rCorr   .            Q - +1 pair of gloves
SInv    .            q - +1 pair of boots
Will    ++...        s - amulet of Rigumume {RegenMP rC+ Will+}
Stlth   ++           k - ring of wizardry
HPRegen 0.31/turn    n - +5 ring of evasion
MPRegen 0.59/turn

%: wizardry (x1), archmagi
@: no status effects
A: high MP 1, forlorn, divine attributes
a: no special abilities


You were on level 10 of the Dungeon.
You visited 1 branch of the dungeon, and saw 10 of its levels.
You also visited: Bailey.

You collected 539 gold pieces.

Inventory:

Hand Weapons
 d - the +0 dagger of War (weapon) {flame, rElec rF+ Dex+5}
   (You found it on level 9 of the Dungeon)

   Dex:       It affects your dexterity (+5).
   rF:        It protects you from fire.
   rElec:     It insulates you from electricity.
 F - a +2 rapier of venom
 U - the +6 whip "Gukocs" {elec, rN+}
   (You found it on level 9 of the Dungeon)

   rN:        It protects you from negative energy.
Missiles
 l - 24 curare-tipped darts
 J - 2 throwing nets
Armour
 q - a +1 pair of boots (worn)
 M - a +2 robe of the Archmagi (worn)
 Q - a +1 pair of gloves (worn)
Magical Staves
 C - a staff of cold
Jewellery
 k - a ring of wizardry (left hand)
 n - a +5 ring of evasion (right hand)
 s - the amulet of Rigumume (around neck) {RegenMP rC+ Will+}
   (You took it off an orc knight in a bailey)

   [amulet of magic regeneration]

   It increases your rate of magic regeneration.
   rC:        It protects you from cold.
   Will:      It increases your willpower.
 y - a ring of see invisible
 D - the amulet of Cyxul {Reflect Fly Will+ Regen+ SH+5 Stlth+}
   (You found it on level 6 of the Dungeon)

   [amulet of reflection]

   It reflects blocked missile attacks.
   Fly:       It grants you flight.
   Regen:     It increases your rate of health regeneration.
   SH:        It affects your SH (+5).
   Will:      It increases your willpower.
   Stlth:     It makes you more stealthy.
 I - a ring of protection from cold
 K - a ring of positive energy
Wands
 N - a wand of mindburst (13)
 O - a wand of iceblast (5)
 P - a wand of polymorph (14)
 R - a wand of flame (9)
 S - a wand of paralysis (6)
Scrolls
 a - a scroll of enchant armour {unknown}
 c - a scroll of butterflies {unknown}
 f - 2 scrolls of blinking {unknown}
 i - 3 scrolls of fear {unknown}
 j - a scroll of enchant weapon
 o - 3 scrolls of fog {unknown}
 t - 3 scrolls of vulnerability
 u - a scroll of magic mapping
 L - a scroll of teleportation
 T - a scroll of identify
Potions
 e - 2 potions of might
 g - 5 potions of curing
 h - a potion of heal wounds {unknown}
 p - a potion of ambrosia {unknown}
 r - a potion of resistance {unknown}
 v - 4 potions of attraction
 x - 2 potions of mutation {unknown}
 z - a potion of lignification {unknown}
 A - 2 potions of brilliance {unknown}
 E - 2 potions of haste
 G - a potion of flight {unknown}
 H - 2 potions of berserk rage {unknown}
Miscellaneous
 m - a condenser vane


   Skills:
 - Level 1.7 Dodging
 - Level 1.7 Stealth
 + Level 6.7 Spellcasting
 - Level 10.0 Conjurations
 - Level 0.8 Transmutations
 * Level 8.8 Fire Magic
 - Level 6.0 Earth Magic


You had 9 spell levels left.
You knew the following spells:

 Your Spells              Type           Power      Damage    Failure   Level
a - Sandblast             Erth           100%       2d20      1%          1
b - Passwall              Tmut/Erth      36%        N/A       1%          2
c - Stone Arrow           Conj/Erth      100%       3d13      1%          3
d - Sticky Flame          Conj/Fire      77%        2d9       1%          4
e - Swiftness             Air            14%        N/A       6%          3

Your spell library contained the following spells:

 Spells                   Type           Power      Damage    Failure   Level
 Shock                    Conj/Air       100%       1d9       1%          1
 Hailstorm                Conj/Ice       55%        3d12      1%          3
 Ignite Poison            Fire/Tmut/Pois 42%        N/A       1%          3
 Freeze                   Ice            56%        1d7       2%          1
 Petrify                  Tmut/Erth      44%        N/A       5%          4
 Frozen Ramparts          Ice            28%        1d5       6%          3
 Airstrike                Air            7%         2d(1-17)  21%         4
 Ignition                 Fire           37%        3d11      97%         8


Dungeon Overview and Level Annotations

Branches:
Dungeon (10/15)            Temple (0/1) D:5             Orc (0/2) D:9
 Bailey (visited)
   Lair: D:8-11

Annotations:
D:3 1 transporter, Kelyas's ghost, amateur DsCj
D:5 Dowan; Duvessa
D:10 Snorg


Innate Abilities, Weirdness & Mutations

You have an increased reservoir of magic. (+10% MP)
You shall have no god before yourself.
Your divine heritage dramatically boosts your attributes as you level up.


Message History

Okay, then.
Unknown command.
Casting: Sandblast (safe; 1% risk of failure)
Confirm with . or Enter, or press ? or * to list all spells.
Aiming: Stone Arrow (safe; 1% risk of failure)
Press: ? - help, Shift-Dir - straight line, f - Snorg
Aim: Snorg (berserk, 78% to hit)
You feel a surge of power!
The stone arrow hits Snorg!!!
Snorg is moderately wounded.
Unknown command.
Casting: Stone Arrow (safe; 1% risk of failure)
Confirm with . or Enter, or press ? or * to list all spells.
Aiming: Sticky Flame (safe; 1% risk of failure)
Press: ? - help, Shift-Dir - straight line, f/p - Snorg
Aim: Snorg (moderately wounded, berserk)
You feel a surge of power!
The sticky flame hits Snorg!
Snorg is moderately wounded.
Snorg is covered in liquid flames!
Snorg burns!
Snorg barely misses you.
Snorg misses you. x2; Snorg closely misses you.
Snorg claws you. Snorg claws you!
Casting: Sticky Flame (safe; 1% risk of failure)
Confirm with . or Enter, or press ? or * to list all spells.
Aiming: Stone Arrow (safe; 1% risk of failure)
Press: ? - help, Shift-Dir - straight line, f/p - Snorg
Aim: Snorg (moderately wounded, berserk, covered in liquid flames, 84% to hit)
You feel a surge of power!
The stone arrow hits Snorg!!
Snorg is heavily wounded.
Snorg burns!
Snorg bites you! Snorg claws you! Snorg closely misses you.
Unknown command.
Casting: Stone Arrow (safe; 1% risk of failure)
Confirm with . or Enter, or press ? or * to list all spells.
Aiming: Stone Arrow (safe; 1% risk of failure)
Press: ? - help, Shift-Dir - straight line, f/p - Snorg
Aim: Snorg (heavily wounded, berserk, covered in liquid flames, 84% to hit)
You feel a surge of power!
The stone arrow hits Snorg!!
Snorg is severely wounded.
Snorg burns!
Snorg bites you!!
* * * LOW HITPOINT WARNING * * *
Snorg closely misses you. Snorg claws you but does no damage. Snorg bites you!
You die...

#.# #..# #.####...# #. #.#
#..########....#...# #.
#.#####..............#...#
#.
#....................#...#
#.
####....#######......#...#
#. #....#.... #......#...#
#. #....#.....#......#...#
#. #####....#.....#....<.#
#. .........#.....T@.....#
.. .........#.....#......#
.........#.... #...>..#
.........#######......#
......................#
......................#
......................#
......................#
#################.....#


You could see Snorg (berserk, burning).

Vanquished Creatures
  A two-headed ogre (D:9)
  Pikel (D:6)
  An orc knight (Bailey)
  Joseph (D:7)
  Psyche (D:8)
  A troll (D:9)
  Prince Ribbit (D:6)
  Eustachio (D:6)
  A wyvern (D:9)
  4 yaks (D:9)
  A steam dragon (D:9)
  Edmund (D:4)
  10 orc warriors
  5 sky beasts
  2 black bears
  5 ogres
  2 lemures (D:6)
  6 centaurs
  9 kobold brigands
  2 bullfrogs
  2 gnoll sergeants (D:7)
  9 wights
  3 killer bees (D:6)
  3 electric eels (D:9)
  5 howler monkeys
  3 jellies
  3 hounds (D:6)
  5 gnoll boudas (D:7)
  2 orc priests
  A sleepcap (D:4)
  An iguana (D:7)
  6 orc wizards
  22 gnolls
  4 adders
  2 shadow imps
  A white imp (D:5)
  2 ufetubi
  2 dart slugs
  30 orcs
  3 ball pythons
  6 endoplasms
  3 giant cockroaches
  6 goblins
  4 hobgoblins
  4 jackals (D:4)
  24 kobolds
  5 bats
  5 frilled lizards
  2 rats (D:1)
224 creatures vanquished.

Notes
Turn   | Place    | Note
-------+----------+-------------------------------------------
     0 | D:1      | sasquatch the Demigod Earth Elementalist began the quest
                  | for the Orb.
     0 | D:1      | Reached XP level 1. HP: 14/14 MP: 5/5
   377 | D:1      | Reached XP level 2. HP: 20/20 MP: 4/7
   917 | D:2      | Learned a level 2 spell: Passwall
  1268 | D:2      | Identified the +1 sling of Discord {drain, Contam rPois
                  | rCorr Dex+7}
  1420 | D:2      | Reached XP level 3. HP: 22/26 MP: 6/9
  1786 | D:3      | Found a transporter.
  1806 | D:3      | Noticed Kelyas's ghost (amateur DsCj)
  1808 | D:3      | Identified the +3 dire flail of Vickak {freeze, rPois
                  | Str+3}
  1808 | D:3      | Noticed an ogre
  2401 | D:4      | Reached XP level 4. HP: 33/33 MP: 8/10
  2913 | D:4      | Learned a level 3 spell: Stone Arrow
  2960 | D:4      | Noticed Edmund
  3147 | D:4      | Reached XP level 5. HP: 38/38 MP: 8/12
  3255 | D:4      | Noticed a black bear
  3258 | D:4      | Killed a black bear
  3259 | D:4      | Reached skill level 1 in Conjurations
  3259 | D:4      | Reached skill level 5 in Earth Magic
  3412 | D:5      | Entered Level 5 of the Dungeon
  3421 | D:5      | Found a staircase to the Ecumenical Temple.
  3579 | D:5      | Reached XP level 6. HP: 45/45 MP: 11/13
  3607 | D:5      | Noticed Duvessa
  3623 | D:5      | Noticed Dowan
  3793 | D:5      | Reached skill level 2 in Conjurations
  3987 | D:4      | Killed Edmund
  3988 | D:4      | Reached skill level 3 in Conjurations
  4515 | D:5      | Reached XP level 7. HP: 50/50 MP: 13/15
  4830 | D:5      | Learned a level 4 spell: Sticky Flame
  4936 | D:6      | Identified the amulet of Cyxul {Reflect Fly Will+ Regen+
                  | SH+5 Stlth+}
  5140 | D:6      | Reached skill level 4 in Conjurations
  5260 | D:6      | Noticed Eustachio
  5288 | D:6      | Killed Eustachio
  5412 | D:6      | Reached skill level 5 in Conjurations
  5486 | D:6      | Reached XP level 8. HP: 50/57 MP: 6/18
  5632 | D:6      | Reached skill level 1 in Fire Magic
  5658 | D:6      | Noticed Pikel
  5710 | D:6      | Killed Pikel
  5711 | D:6      | Reached skill level 5 in Spellcasting
  5711 | D:6      | Reached skill level 6 in Conjurations
  6168 | D:7      | Noticed Joseph
  6274 | D:7      | Noticed Prince Ribbit
  6280 | D:6      | Killed Prince Ribbit
  6281 | D:6      | Reached XP level 9. HP: 47/62 MP: 10/20
  6379 | D:7      | Reached skill level 7 in Conjurations
  6698 | D:7      | Killed Joseph
  6699 | D:7      | Reached skill level 5 in Fire Magic
  6714 | D:7      | Found a flagged portal.
  6766 | Bailey   | Entered a bailey
  7157 | Bailey   | Reached skill level 8 in Conjurations
  7170 | Bailey   | Identified the amulet of Rigumume {RegenMP rC+ Will+}
  7170 | Bailey   | Noticed an orc knight
  7259 | Bailey   | Killed an orc knight
  7574 | D:7      | Reached XP level 10. HP: 69/69 MP: 1/22
  8108 | D:7      | Reached skill level 9 in Conjurations
  8537 | D:8      | Noticed Psyche
  8546 | D:8      | Killed Psyche
  8589 | D:8      | Learned a level 3 spell: Swiftness
  9746 | D:9      | Found a staircase to the Orcish Mines.
  9940 | D:9      | Identified the +0 dagger of War {flame, rElec rF+ Dex+5}
  9986 | D:9      | Noticed a two-headed ogre
 10157 | D:9      | Killed a two-headed ogre
 10158 | D:9      | Reached skill level 10 in Conjurations
 10252 | D:9      | Identified the +6 whip "Gukocs" {elec, rN+}
 10576 | D:10     | Entered Level 10 of the Dungeon
 10663 | D:10     | Noticed Snorg
 10668 | D:10     | Mangled by Snorg

Illustrated notes

Levels and vault maps discovered:
D:1:      dpeg_arrival_tiny_d, layout_basic, ebering_ecumenical_altar_hall
D:2:      layout_basic, st_stairs_12
D:3:      layout_basic, gammafunk_ghost_smash
D:4:      layout_loops_corners, uniq_edmund
D:5:      layout_basic, minmay_temple_entry_butterflies, uniq_duvessa
D:6:      layout_basic, kennysheep_generic_room_10, uniq_pikel, uniq_eustachio
D:7:      kennysheep_seaside_town, layout_rooms, mainiacjoe_overflow_boulevard,
          enter_bailey_2, uniq_prince_ribbit1, uniq_joseph
D:8:      layout_layer_cave, minmay_overflow_temple_star_quad,
          chequers_serial_rivers_marsh, uniq_psyche
D:9:      layout_basic, mainiacjoe_overflow_six_doors_small, kennysheep_mini,
          serial_bayou, serial_bayou_ford_a, serial_bayou_pond_e,
          serial_bayou_shore_b, serial_bayou_pond_b,
          hangedman_abyss_or_decor_clamps
D:10:     layout_irregular_city, serial_shops, shop, uniq_urug, uniq_snorg

Skill      XL: |  1  2  3  4  5  6  7  8  9 10 |
---------------+-------------------------------+-----
Spellcasting   | 2 3 4 5 6 |  6.7
Earth Magic    | 3 4 5 6 |  6.0
Conjurations   | 1 3 5 6 8 10 | 10.0
Fire Magic     | 4 6 8 |  8.8
Dodging        | |  1.7
Stealth        | |  1.7
Transmutations | |  0.8

Action                     |  1- 3 |  4- 6 |  7- 9 | 10-12 || total
---------------------------+-------+-------+-------+-------++-------
  Melee: Whip              |     2 |       |       |       ||     2
         Hand axe          |       |     1 |       |       ||     1
         Rapier            |       |       |     5 |       ||     5
   Cast: Sandblast         |    54 |    52 |    97 |   105 ||   308
         Stone Arrow       |       |    14 |    57 |    28 ||    99
         Passwall          |       |     2 |       |       ||     2
         Sticky Flame      |       |       |     8 |    10 ||    18
    Use: Scroll            |       |     2 |    10 |     1 ||    13
         Potion            |       |     1 |       |       ||     1
   Stab: Sleeping          |       |     1 |       |       ||     1
 Armour: Robe              |     5 |     6 |     5 |     8 ||    24
  Dodge: Dodged            |    26 |    30 |    83 |    67 ||   206
  Block: Other             |       |       |    23 |       ||    23
         Reflection        |       |       |     6 |       ||     6
